 Dungeon Crawl Stone Soup version 0.30-a0-585-g93115170b9 (webtiles) character file.

Game seed: 17298827687118714847

1363 brightshaft the Skirmisher (level 8, -1/63 HPs)
             Began as a Barachi Hunter on Jan 2, 2023.
             Was an Initiate of Hepliaklqana.
             Killed from afar by Dowan (10 damage)
             ... with a shard of ice
             ... on level 6 of the Dungeon.
             The game lasted 00:09:34 (4237 turns).

brightshaft the Skirmisher (Barachi Hunter)         Turns: 4237, Time: 00:09:34

Health: -1/63      AC: 13    Str: 12    XL:     8   Next: 64%
Magic:  8/8        EV: 11    Int: 10    God:    Hepliaklqana [......]
Gold:   906        SH:  0    Dex: 18    Spells: 7/7 levels left

rFire   . . .      SeeInvis .    b - +1 dagger (venom)
rCold   + . .      Faith    .    (no shield)
rNeg    . . .      Spirit   .    f - +5 ring mail
rPois   .          Reflect  .    (no helmet)
rElec   .          Harm     .    o - +1 cloak
rCorr   .          Rampage  .    (no gloves)
Will    .....                    (no boots)
Stlth   ++                       l - amulet of magic regeneration
HPRegen 0.30/turn                r - ring of protection from cold
MPRegen 0.51/turn                (no ring)

@: lethally poisoned (-1 -> -7), slow
A: amphibious, slowness 1, strong legs 1, +LOS
a: Hop, Renounce Religion


You were on level 6 of the Dungeon.
You worshipped Hepliaklqana.
Hepliaklqana was noncommittal.
You visited 1 branch of the dungeon, and saw 6 of its levels.

You collected 960 gold pieces.
You spent 54 gold pieces at shops.

Inventory:

Hand Weapons
 a - a +0 shortbow of draining
 b - a +1 dagger of venom (weapon)
 v - a +0 rapier
Missiles
 w - 2 throwing nets
Armour
 c - a +0 leather armour
 f - a +5 ring mail (worn)
 o - a +1 cloak (worn)
Jewellery
 l - an amulet of magic regeneration (around neck)
 r - a ring of protection from cold (left hand)
 s - a ring of wizardry
Scrolls
 k - a scroll of identify {@r1}
 m - a scroll of amnesia
 q - 3 scrolls of teleportation {@r4}
 t - 3 scrolls of immolation
 u - a scroll of poison
Potions
 d - 3 potions of flight
 e - 3 potions of berserk rage
 g - a potion of cancellation {unknown}
 h - a potion of degeneration {unknown}
 i - 3 potions of heal wounds {@q2}
 j - a potion of haste {unknown}
 n - 2 potions of mutation {unknown}
 p - a potion of curing {@q1}


   Skills:
 + Level 5.6 Fighting
 * Level 8.8 Ranged Weapons
 - Level 4.0 Armour
 - Level 2.1 Dodging
 + Level 3.7 Stealth


You had 7 spell levels left.
You didn't know any spells.
Your spell library was empty.

Dungeon Overview and Level Annotations

Branches:
Dungeon (6/15)
 Temple: D:4-7

Altars:
Ashenzari
Dithmenos
Fedhas
Hepliaklqana
Qazlal
Sif Muna
Uskayaw
Yredelemnul

Shops:
D:4 [   D:6 *

Annotations:
D:6 Dowan


Innate Abilities, Weirdness & Mutations

You are amphibious.
You cover ground slowly.
You can hop short distances.
You have an extended range of vision and can be seen from far away.


Message History

Dowan says, "Her death will not be in vain!"
Dowan points at you and mumbles some strange words.
The stone arrow hits you!!
* * * LOW HITPOINT WARNING * * *
Things that are here:
a +5 short sword of flaming; a +3 ring mail of fire resistance; the elf corpse of Duvessa Dowan gestures at you while chanting.
The shard of ice misses you.
You hit Dowan but do no damage.
Dowan is poisoned.
Dowan is moderately wounded.
You hear the slow hiss of an avalanche of sand very nearby.
Dowan drinks a potion.
Dowan is healed!
Dowan looks more healthy.
You hit Dowan but do no damage.
Dowan is poisoned.
Dowan is lightly wounded.
Dowan barely misses you.
Dowan casts a spell.
Dowan blinks!
Dowan looks more healthy.
Dowan hits you but does no damage.
You are poisoned.
Dowan hits you with a +0 dagger of venom.
* * * LOW HITPOINT WARNING * * *
You are lethally poisoned!
You hit Dowan.
Dowan is poisoned.
Dowan is moderately wounded.
* * * LOW HITPOINT WARNING * * *
You feel very sick. Dowan hits you but does no damage. Dowan barely misses you.
You hit Dowan.
Dowan looks as sick as possible!
Dowan is heavily wounded.
* * * LOW HITPOINT WARNING * * *
You feel very sick. Dowan hits you but does no damage.
You feel better. Dowan closely misses you. Dowan hits you but does no damage.
You are poisoned.
You closely miss Dowan.
Dowan is heavily wounded.
You feel sick. Dowan casts a spell at you. The shard of ice hits you!
You partially resist.
You die...

,,,,,,,*....,+...#.#,,,,*,,** *,
,,,,,,,,....,*#..#.#,,,***,,** *,
,,,,,,,,,,,,,>,,,#.#,,**,**,,* *,
,,,,,,,*,,,,,,,###.#,**,∩,**,* *,
,,,,,,,*,,,,,#,#...#,,**,**,,***,
,,,,,,,*,,,,,#.#.###,,,+#*,,,,,,,
,,,,,,,******#.#.# *,,,.#.,******
,,,,,,,* #.#)# *,...!.,* ,,,,,,,*
#..@###......,* ,,,*****
#.e..).......,* ****
#..........##** #..........#
#..........# #$.........#
#.....$....# #..........#
############


You could see Dowan (fast, extremely poisoned).

Vanquished Creatures
  Grinder (D:5)
  Sigmund (D:5)
  Eustachio (D:5)
  Duvessa (D:6)
  A centaur (D:3)
  A phantom (D:5)
  2 scorpions (D:5)
  A necrophage (D:4)
  A jelly (D:5)
  2 hounds
  An orc priest (D:4)
  A gnoll bouda (D:5)
  Jessica (D:3)
  Natasha (twice) (D:2)
  3 orc wizards
  4 gnolls
  2 adders (D:4)
  A worm (D:4)
  8 orcs
  2 bats
  7 endoplasms
  3 giant cockroaches (D:3)
  5 goblins
  7 hobgoblins
  4 jackals (D:4)
  5 quokkas
  8 ball pythons
  3 frilled lizards (D:2)
  3 kobolds (D:1)
  3 rats
85 creatures vanquished.

Notes
Turn   | Place    | Note
-------+----------+-------------------------------------------
     0 | D:1      | brightshaft the Barachi Hunter began the quest for the Orb.
     0 | D:1      | Reached XP level 1. HP: 17/17 MP: 1/1
   608 | D:1      | Found a faded altar of an unknown god.
   671 | D:1      | Reached XP level 2. HP: 23/23 MP: 2/2
   859 | D:2      | Noticed Natasha
   862 | D:2      | Noticed a crimson imp
   863 | D:2      | Killed Natasha
   864 | D:2      | Reached skill level 1 in Armour
   864 | D:2      | Reached XP level 3. HP: 28/28 MP: 3/3
   955 | D:2      | Reached skill level 5 in Ranged Weapons
  1248 | D:2      | Noticed Natasha
  1257 | D:2      | Killed Natasha
  1258 | D:2      | Reached XP level 4. HP: 34/34 MP: 4/4
  1536 | D:3      | Noticed Jessica
  1538 | D:3      | Killed Jessica
  1574 | D:3      | Noticed a centaur
  1578 | D:3      | Killed a centaur
  1579 | D:3      | Reached skill level 6 in Ranged Weapons
  1579 | D:3      | Reached XP level 5. HP: 39/39 MP: 5/5
  1595 | D:3      | Identified a scroll of acquirement
  1595 | D:3      | Acquired 760 gold pieces
  2459 | D:4      | Reached XP level 6. HP: 46/46 MP: 6/6
  2757 | D:4      | Found Eluzxiup's Antique Armour Shop.
  2766 | D:4      | Found a stormy altar of Qazlal.
  2770 | D:4      | Found a shimmering blue altar of Sif Muna.
  2775 | D:4      | Found a basalt altar of Yredelemnul.
  2993 | D:5      | Entered Level 5 of the Dungeon
  3006 | D:5      | Reached skill level 1 in Stealth
  3007 | D:5      | Reached XP level 7. HP: 52/52 MP: 7/7
  3012 | D:5      | Noticed Grinder
  3014 | D:5      | Noticed Sigmund
  3015 | D:5      | Reached skill level 7 in Ranged Weapons
  3016 | D:5      | Paralysed by Grinder for 4 turns
  3190 | D:5      | Found a shadowy altar of Dithmenos.
  3483 | D:5      | Killed Sigmund
  3484 | D:5      | Reached XP level 8. HP: 55/61 MP: 8/8
  3531 | D:5      | Reached skill level 8 in Ranged Weapons
  3613 | D:5      | Found a hide-covered altar of Uskayaw.
  3624 | D:5      | Found a broken altar of Ashenzari.
  3635 | D:5      | Found a hazy altar of Hepliaklqana.
  3646 | D:5      | Found a blossoming altar of Fedhas.
  3656 | D:5      | Became a worshipper of Hepliaklqana the Forgotten
  3687 | D:5      | Killed Grinder
  3688 | D:5      | Reached skill level 5 in Fighting
  3797 | D:5      | Noticed Eustachio
  3822 | D:5      | Killed Eustachio
  4150 | D:6      | Found Ahoohop's Neck Hole.
  4159 | D:6      | Bought a +0 cloak for 54 gold pieces
  4190 | D:6      | Noticed Duvessa
  4190 | D:6      | Noticed Dowan
  4221 | D:6      | Killed Duvessa
  4237 | D:6      | Killed from afar by Dowan

Illustrated notes

Levels and vault maps discovered:
D:1:      zelgadis_glass_arrival_small, layout_basic,
          dilly_ecumenical_altar_fadedgnrine, bh_walls_and_bars
D:2:      minmay_razor_zed, layout_basic, uniq_natasha
D:3:      layout_basic, uniq_jessica
D:4:      layout_cave_pools, nicolae_overflow_hidden_temple, serial_shops,
          nicolae_take_the_stairs
D:5:      layout_basic, lemuel_round_altar, nicolae_overflow_quartered_altars,
          uniq_grinder, uniq_eustachio, uniq_sigmund
D:6:      layout_basic, enter_ossuary_5, nicolae_shop_sticking_my_neck_out,
          uniq_duvessa

Skill      XL: |  1  2  3  4  5  6  7  8 |
---------------+-------------------------+-----
Armour         | 1 2 3 4 |  4.0
Ranged Weapons | 5 6 7 8 |  8.8
Fighting       | 3 4 5 |  5.6
Stealth        | 1 2 3 |  3.7
Dodging        | |  2.1

Action                   |  1- 3 |  4- 6 |  7- 9 || total
-------------------------+-------+-------+-------++-------
Melee: Dagger            |       |       |     5 ||     5
 Fire: Shortbow          |    80 |   108 |   144 ||   332
 Abil: Hop               |     1 |     2 |     1 ||     4
  Use: Scroll            |       |     9 |     6 ||    15
       Potion            |       |       |     6 ||     6
Armor: Ring mail         |    16 |    14 |    82 ||   112
       Skin              |     7 |       |       ||     7
Dodge: Dodged            |    28 |    20 |    53 ||   101

Table legend: (Time is in decaauts)
 A = Elapsed time spent in this place.
 B = Non-inter-level travel time spent in this place.
 C = Inter-level travel time spent in this place.
 D = Time resting spent in this place.
 E = Time spent auto-exploring this place.
 F = Levels seen in this place.
 G = Mean time per level.
                   A        B        C        D        E       F      G
               +--------+--------+--------+--------+--------+-----+--------+
         Total |   4950 |   4731 |    219 |      0 |   3863 |   6 |  825.0 |
       Dungeon |   4950 |   4731 |    219 |      0 |   3863 |   6 |  825.0 |
               +--------+--------+--------+--------+--------+-----+--------+

Top non-repeatable levels by time:
     D:5: 1141 daAuts
     D:2: 1087 daAuts
     D:3: 912 daAuts
     D:1: 870 daAuts
     D:4: 831 daAuts
     D:6: 107 daAuts
